QQQQQ, chaotic female human Rogue @ QQQQQ the Rogue Experience level: 9 Strength: 10 Dexterity: 18 Constitution: 15 Intelligence: 13 Wisdom: 11 Charisma: 9 Health: 0(69) Energy: 45(45) Def: 13 Gold: 25 Moves: 6992 Dungeon seed: vcZJElcPJP6yIEFQ Game ID: QQQQQ_1498513037 Your Inventory: Coins $ - 25 gold pieces Weapons x - an uncursed +0 short sword B - an uncursed +0 elven dagger E - an uncursed +0 dwarvish short sword (weapon in hand) M - a blessed +2 elven dagger P - 10 cursed -1 thirsty arrows Q - an uncursed +0 arrow of fire and lightning U - an uncursed +0 dagger Armor n - an uncursed +0 dwarvish mithril-coat (being worn) r - an uncursed +0 pair of leather gloves (being worn) z - an uncursed +0 pair of iron shoes (being worn) F - an uncursed rusty +0 dwarvish iron helm (being worn) G - an uncursed +0 dwarvish roundshield (being worn) Y - an uncursed +0 dwarvish cloak (being worn) Comestibles g - an uncursed partly eaten quantum mechanic corpse I - an uncursed lizard corpse J - 2 uncursed slime molds T - 2 uncursed tripe rations Scrolls R - 2 uncursed scrolls of create monster V - 2 uncursed scrolls of teleportation Spellbooks c - an uncursed spellbook of dig Wands d - an uncursed wand of light (0:13) L - an uncursed wand of digging (0:0) S - an uncursed wand of slow monster (0:2) Tools a - an uncursed +0 pick-axe e - an uncursed lock pick f - an uncursed sack k - a cursed oil lamp (0:0) t - an uncursed skeleton key w - an uncursed credit card K - an uncursed expensive camera (0:37) W - 7 uncursed partly used wax candles (0:389) Gems q - an uncursed worthless piece of black glass y - an uncursed worthless piece of white glass A - 2 uncursed agate stones N - an uncursed fluorite stone Contents of the sack: 298 gold pieces an uncursed +0 axe an uncursed +0 mummy wrapping 2 uncursed apples an uncursed carrot an uncursed lizard corpse an uncursed slime mold an uncursed scroll of create monster an uncursed spellbook of cone of cold an uncursed spellbook of magic missile a cursed ring of invisibility an uncursed wand of create monster (0:2) an uncursed wand of make invisible (0:3) an uncursed wand of make invisible (0:0) 6 uncursed tallow candles (0:200) an uncursed tin whistle an uncursed tin whistle Spells and supernatural/magical abilities: Name Level Category Fail Memory W - pray for help -- divine ? -- Your skills at the end: Fighting Skills wands [Basic] Weapon Skills dagger [Expert] short sword [Skilled] Spellcasting Skills Final Attributes: You were piously aligned. You were invisible. You were stealthy. You were swallowed by an air elemental. You are dead. Vanquished creatures: a vampire a small mimic a quantum mechanic a pyrolisk a freezing sphere a dwarf king an ettin zombie a leather golem a Grey-elf a succubus an iron piercer 5 giant spiders an ice vortex a black light 2 gnome kings a dwarf mummy an ogre a brown pudding 2 yetis 2 lizards 2 chickatrices a blue jelly a raven 2 gnome mummies 2 apes a human zombie a fire ant a water nymph 2 mountain nymphs 3 Uruk-hai 4 ponies a fog cloud 13 gnome lords 3 gnomish wizards 3 kobold mummies 2 ghouls a straw golem a baby crocodile 5 giant ants 18 dwarves a homunculus a kobold lord a kobold shaman 8 hill orcs a rabid rat a centipede a giant bat 5 monkeys 2 orc zombies 6 dwarf zombies a werejackal an iguana 7 killer bees 4 coyotes 4 gas spores 4 hobbits 10 manes 2 large kobolds 3 giant rats a cave spider a yellow mold 2 green molds a red mold 62 gnomes 2 gnome zombies 6 geckos 10 jackals 3 foxes a goblin 5 sewer rats 5 grid bugs 3 lichens a kobold zombie 6 newts 266 creatures vanquished. Voluntary challenges: You had been an atheist until turn 2640. You used a wielded weapon 230 times, starting on turn 190. You read items or engraved 9 times, starting on turn 748. You never genocided any monsters. You never polymorphed an object. You never changed form. You used no wishes. You never split a pudding. You wrote Elbereth's name 5 times, starting on turn 931. You violated your moral code, losing 77 points of alignment, starting on turn 4163. Dungeon overview: The Dungeons of Doom: levels 1 to 3 Level 1 a fountain a long staircase Level 2 an armor shop Level 3 stairs to The Gnomish Mines The Gnomish Mines: levels 4 to 12 Level 4 stairs to The Dungeons of Doom Level 5 Level 6 some shops, a temple to Kos, some fountains, a sink Level 7 Level 8 Level 9 Level 10 Level 11 Level 12 <- You were here History has recorded: On T:1 you entered the Dungeons of Doom to retrieve the Amulet of Yendor! On T:453 you reached level 2 of The Dungeons of Doom. On T:495 you advanced to experience level 2. On T:859 you reached level 3 of The Dungeons of Doom. On T:1074 you advanced to experience level 3. On T:1221 you reached level 1 of The Gnomish Mines. On T:1281 you advanced to experience level 4. On T:1805 you reached level 2 of The Gnomish Mines. On T:1830 you advanced to experience level 5. On T:2323 you reached level 4 of The Gnomish Mines. On T:2357 you advanced to experience level 6. On T:2705 you advanced to experience level 7. On T:2780 you reached level 3 of The Gnomish Mines. On T:3815 you reached level 5 of The Gnomish Mines. On T:4712 you reached level 6 of The Gnomish Mines. On T:4716 you advanced to experience level 8. On T:5332 you reached level 7 of The Gnomish Mines. On T:5535 you reached level 8 of The Gnomish Mines. On T:6769 you advanced to experience level 9. On T:6904 you reached level 9 of The Gnomish Mines. Score breakdown: Gold: 323 ( 8540 points) Experience: 9 levels (15756 points) Exploration: 12 levels ( 24.49%) (14361 points) Discoveries: 11 items ( 3.67%) ( 5744 points) Valuables value: (no points given unless you survive) Artifact value: 0 ( 0 points) Variety of kills: 74 monsters ( 19.32%) (13186 points) Turncount: 6992 turns (-1850 points) Survival: died (score multiplied by 80%) Total score: 44589 Latest messages: You resume your meal. The large cat picks up a dwarf corpse. You slow down. You hear some noises nearby. The large cat is caught in the gas spore's explosion! You stop eating. The air elemental slows down. The air elemental misses. (3x) You have a little trouble lifting g - a partly eaten quantum mechanic corpse. The air elemental engulfs you! You are pummeled with debris! (3x) You begin praying to Kos. You are surrounded by a shimmering light. You feel that Kos is well-pleased. You feel much better. You feel an absence of magical power. You are pummeled with debris! (3x) You hit the air elemental. You are pummeled with debris! (3x) You hit the air elemental! You are pummeled with debris! (6x) You die... Final status: Goodbye QQQQQ the Rogue, killed by an air elemental... You died in The Gnomish Mines on dungeon level 12 with 44589 points, and 323 pieces of gold, after 6992 moves. You were level 9 with a maximum of 69 hit points when you died.